AoeStats
← распродаж

Black Forest

504281828Analyzed
4v4 RM · 28d ago on Sep 4, 2026· 45m 5s· 8 players
Game mode
Random Map
Map size
Large (8 player)
Population
200
Speed
Normal
Resources
Standard
Victory
Conquest
Starting age
Dark Age
Ending age
Imperial Age
RankedLock teamsTeams togetherTeam positionsShared explorationLock speedFull tech treeHidden civsTurbo modeCheats
Victory
Defeat
🇮🇳 Saracens · India
1650
+7
🇭🇰 Bohemians · Hong Kong SAR China
1486
+14
🇦🇷 Franks · Argentina
1423
+17
🇹🇷 Bengalis · Türkiye
1306
+21
🇳🇴 Sicilians · Norway
1496
-18
🇹🇷 Koreans · Türkiye
1448
-15
🇭🇰 Mongols · Hong Kong SAR China
1406
-13
1401
-13
LinG寶寶
11:30 Feudal Age
12:28 Double-Bit Axe
15:15 Castle Age
13:17 Horse Collar
16:07 Bow Saw
21:15 Loom
22:28 Wheelbarrow
24:45 Hand Cart
24:42 Gold Mining
24:44 Stone Mining
26:31 Gold Shaft Mining
26:32 Stone Shaft Mining
29:07 Imperial Age
27:07 Fletching
27:17 Padded Archer Armor
27:40 Ballistics
27:54 Bodkin Arrow
28:57 Leather Archer Armor
29:03 Nomads
29:27 Thumb Ring
29:26 Husbandry
29:36 Bloodlines
29:57 Bracer
30:59 Chemistry
29:39 Elite Mangudai
31:06 Parthian Tactics
30:51 Caravan
31:22 Coinage
31:20 Conscription
33:10 Town Watch
36:18 Capped Ram
37:24 Siege Ram
38:30 Drill
40:41 Hoardings
40:11 Light Cavalry
41:14 Forging
41:09 Scale Barding Armor
40:52 Hussar
41:54 Murder Holes
42:10 Masonry
迪恩-伊薩卡-凡爾賽提斯
1:42 Loom
12:10 Feudal Age
13:50 Feudal Age
14:14 Horse Collar
14:20 Double-Bit Axe
17:46 Castle Age
22:09 Imperial Age
21:39 Chemistry
21:50 Bow Saw
22:42 Padded Archer Armor
24:49 Leather Archer Armor
33:12 Two-Man Saw
36:26 Ring Archer Armor
36:44 Heavy Plow
37:22 Siege Engineers
37:04 Pikeman
40:10 Fortified Wall
43:46 Wheelbarrow
MinorCloud9519
0:56 Loom
11:58 Feudal Age
16:32 Castle Age
15:18 Double-Bit Axe
15:46 Stone Mining
16:46 Town Watch
16:58 Horse Collar
20:57 Wheelbarrow
22:15 Gold Mining
27:47 Imperial Age
25:45 Heavy Plow
26:41 Bow Saw
27:39 Fletching
29:41 Chemistry
30:24 Bodkin Arrow
30:56 Conscription
32:53 Town Watch
34:13 Two-Man Saw
33:46 Bracer
34:33 Crossbowman
36:02 Ballistics
35:54 Masonry
35:31 Elite Skirmisher
35:41 Elite Skirmisher
36:51 Hand Cart
38:21 Treadmill Crane
42:02 Siege Engineers
44:54 Eupseong
Nordigard
6:20 Loom
11:35 Feudal Age
15:36 Castle Age
13:27 Double-Bit Axe
14:19 Horse Collar
16:28 Bow Saw
21:28 Heavy Plow
23:03 Wheelbarrow
24:35 Hand Cart
30:01 Imperial Age
27:30 Gold Mining
27:32 Stone Mining
27:46 Scale Mail Armor
29:00 Chain Mail Armor
29:40 Gold Shaft Mining
29:42 Stone Shaft Mining
31:02 Caravan
31:51 Crop Rotation
31:54 First Crusade
32:02 Conscription
31:51 Onager
33:35 Plate Mail Armor
33:16 Forging
32:49 Capped Ram
32:59 Elite Serjeant
33:51 Pikeman
34:32 Squires
34:17 Arson
34:24 Fletching
34:01 Siege Ram
35:23 Siege Onager
37:01 Iron Casting
36:21 Bodkin Arrow
36:59 Guilds
37:19 Coinage
36:22 Halberdier
37:41 Ballistics
38:21 Chemistry
37:07 Arrowslits
37:33 Masonry
38:44 Blast Furnace
распродаж
11:41 Feudal Age
12:33 Horse Collar
12:55 Double-Bit Axe
15:23 Castle Age
16:23 Bow Saw
16:49 Wheelbarrow
18:25 Fervor
21:47 Hand Cart
27:01 Imperial Age
24:29 Loom
26:33 Chemistry
28:09 Wagenburg Tactics
31:08 Siege Engineers
31:24 Ballistics
30:58 Elite Hussite Wagon
32:32 Houfnice
34:50 Fletching
35:40 Bodkin Arrow
36:04 Masonry
38:45 Bracer
40:48 Caravan
41:18 Coinage
41:39 Conscription
41:05 Town Watch
42:21 Two-Man Saw
41:52 Town Patrol
42:37 Banking
42:17 Guilds
45:40 Architecture
44:50 Treadmill Crane
45:05 Murder Holes
Bear
0:28 Loom
11:29 Feudal Age
16:14 Castle Age
14:41 Double-Bit Axe
18:05 Bow Saw
25:14 Wheelbarrow
26:22 Fortified Wall
29:41 Imperial Age
28:14 Scale Barding Armor
28:44 Forging
29:23 Chain Barding Armor
30:14 Hand Cart
30:05 Cavalier
32:33 Plate Barding Armor
32:34 Iron Casting
33:22 Paladin
36:27 Elite Skirmisher
39:44 Caravan
40:48 Padded Archer Armor
40:39 Fletching
42:45 Coinage
43:34 Banking
43:17 Stone Mining
43:17 Gold Mining
44:14 Iron Casting
43:55 Leather Archer Armor
44:15 Bodkin Arrow
NoisyBuoy
1:09 Loom
13:44 Feudal Age
17:19 Castle Age
15:47 Double-Bit Axe
18:42 Bow Saw
18:42 Horse Collar
26:04 Wheelbarrow
26:44 Gold Mining
27:22 Hand Cart
27:59 Town Watch
28:12 Treadmill Crane
28:45 Fortified Wall
28:16 Treadmill Crane
32:35 Imperial Age
30:36 Scale Barding Armor
30:29 Stone Mining
30:58 Heavy Plow
31:12 Masonry
31:23 Ballistics
32:21 Gold Shaft Mining
32:24 Chain Barding Armor
32:31 Forging
32:12 Fletching
33:08 Sanctity
33:35 Block Printing
34:30 Plate Barding Armor
34:19 Conscription
34:28 Redemption
35:16 Plate Barding Armor
35:18 Elite Mameluke
36:44 Iron Casting
37:18 Two-Man Saw
36:33 Caravan
37:55 Chemistry
37:58 Husbandry
38:08 Bloodlines
39:10 Blast Furnace
38:57 Bimaristan
39:00 Fervor
38:50 Devotion
39:04 Bodkin Arrow
38:59 Onager
39:26 Onager
41:40 Hoardings
41:35 Illumination
42:45 Coinage
44:39 Guard Tower
44:56 Siege Engineers
44:42 Guard Tower
44:37 Arrowslits
HAKUNA MATATA
12:13 Feudal Age
16:18 Castle Age
15:41 Double-Bit Axe
15:38 Horse Collar
17:13 Heavy Plow
17:24 Bow Saw
24:51 Loom
25:41 Wheelbarrow
24:52 Town Watch
31:32 Imperial Age
30:08 Hand Cart
29:45 Gold Mining
30:15 Stone Mining
30:48 Ballistics
31:25 Coinage
31:30 Fletching
31:40 Padded Archer Armor
32:37 Gold Shaft Mining
32:52 Banking
32:23 Caravan
33:05 Conscription
33:05 Mahayana
32:44 Elite Elephant Archer
34:36 Leather Archer Armor
34:19 Bodkin Arrow
35:22 Husbandry
35:33 Bloodlines
37:18 Chemistry
38:11 Ring Archer Armor
37:42 Bracer
37:51 Paiks
Connection lost

Rejoining the realm…

Still unreachable

The connection could not be restored.

Session expired

The server has moved on; the page needs a fresh start.